Construct Section Command Post
Selects Canadian Shock Battlegroup
Selects Canadian Shock Section
Construct Field Infirmary
Construct Platoon Command Post
Selects Incendiary Munitions
Unlock Bishop Self-propelled Artillery
Bishop Self-propelled Artillery
Bishop Self-propelled Artillery
Selects Demolition Engineering
Selects Churchill Crocodile Heavy Tank
Churchill Crocodile Heavy Tank
Construct Company Command Post
Unlock M3 Grant Medium Tanks